 Dungeon Crawl Stone Soup version 0.27-a0-1105-g946c659c87 (webtiles) character file.

Game seed: 6773386393944646454

113 1player the Skirmisher (level 4, -2/52 HPs)
             Began as an Ogre Delver on Apr 30, 2021.
             Slain by an ufetubus (4 damage)
             ... on level 4 of the Dungeon.
             The game lasted 00:04:30 (1783 turns).

1player the Skirmisher (Ogre Delver)                Turns: 1783, Time: 00:04:31

Health: -2/52      AC:  5    Str: 16    XL:     4   Next: 96%
Magic:  4/4        EV: 10    Int: 12    God:
Gold:   10         SH:  0    Dex: 10    Spells: 3/3 levels left

rFire    . . .     SeeInvis .   a - +0 spear
rCold    . . .     Faith    .   (no shield)
rNeg     + . .     Spirit   .   i - +2 robe "Obbuivon" {rN+}
rPois    .         Reflect  .   (helmet restricted)
rElec    .         Harm     .   (no cloak)
rCorr    .         Rampage  .   (gloves unavailable)
Will     .....                  (boots unavailable)
Stlth    ++........             (no amulet)
HPRegen  0.17/turn              (no ring)
MPRegen  0.09/turn              (no ring)

@: no status effects
A: large, unfitting armour, tough skin 1
a: no special abilities


You were on level 4 of the Dungeon.
You visited 1 branch of the dungeon, and saw 2 of its levels.

You collected 10 gold pieces.

Inventory:

Hand Weapons
 a - a +0 spear (weapon)
Armour
 b - a +0 robe
 i - the +2 robe "Obbuivon" (worn) {rN+}
   (You found it on level 5 of the Dungeon)

   It protects you from negative energy.
Wands
 g - a wand of digging (3)
Scrolls
 c - a scroll of fog
 d - a scroll of magic mapping
 e - a scroll of fear
 h - a scroll of vulnerability {unknown}


   Skills:
 + Level 5.8 Fighting
 - Level 2.0 Polearms
 + Level 3.3 Dodging
 - Level 3.7 Stealth


You had 3 spell levels left.
You didn't know any spells.
Your spell library was empty.

Dungeon Overview and Level Annotations

Branches:
Dungeon (5/15)
 Temple: D:4-7

Altars:
Dithmenos
Makhleb


Innate Abilities, Weirdness & Mutations

You are too large for most types of armour.
You have tough skin. (AC +1)


Message History

Unknown command.
You are too injured to fight recklessly!
You are too injured to fight recklessly!
You aren't carrying any potions.
Unknown command.
You aren't carrying any potions.
Unknown command.
Unknown command.
The iguana barely misses you. The iguana bites you.
The ufetubus shouts!
The ufetubus hits you but does no damage.
The ufetubus barely misses you. The ufetubus closely misses you.
The ufetubus hits you. The ufetubus misses you. The ufetubus barely misses you.
The ufetubus completely misses you.
The ufetubus hits you but does no damage.
The ufetubus hits you.
* * * LOW HITPOINT WARNING * * *
The ufetubus hits you.
* * * LOW HITPOINT WARNING * * *
The ufetubus barely misses you. The ufetubus completely misses you.
There is a stone staircase leading up, spattered with blood here.
The ufetubus closely misses you. The ufetubus hits you.
* * * LOW HITPOINT WARNING * * *
You climb upwards.
There is a stone staircase leading down here.
You closely miss the ufetubus. The ufetubus hits you.
* * * LOW HITPOINT WARNING * * *
The ufetubus hits you.
* * * LOW HITPOINT WARNING * * *
The ufetubus barely misses you.
The ufetubus hits you but does no damage.
You aren't carrying any potions.
Unknown command.
Press: ? - help, v - describe, . - travel
Here: an ufetubus The floor.
The ufetubus hits you.
You die...

## ######.
.......###
.........#
##......#
#.#....#
#..#.#
#.#.#..#5#
.......@>#
#.#.#....#
#.#....# #
#....#
#....#
#....#
.....#
###....


You could see an ufetubus.

Vanquished Creatures
  A water moccasin zombie (D:5)
  A hound (D:4)
  A bullfrog skeleton (D:5)
3 creatures vanquished.

Notes
Turn   | Place    | Note
-------+----------+-------------------------------------------
     0 | D:5      | 1player the Ogre Delver began the quest for the Orb.
     0 | D:5      | Reached XP level 1. HP: 24/24 MP: 1/1
     9 | D:5      | Found a shadowy altar of Dithmenos.
    12 | D:5      | Noticed an orc priest
   118 | D:5      | Found a burning altar of Makhleb.
   381 | D:5      | Reached XP level 2. HP: 22/33 MP: 2/2
   381 | D:5      | Reached XP level 3. HP: 28/41 MP: 3/3
  1034 | D:4      | Reached skill level 5 in Fighting
  1692 | D:5      | Reached XP level 4. HP: 52/52 MP: 4/4
  1710 | D:5      | Identified the +2 robe "Obbuivon" {rN+}
  1782 | D:4      | HP: 2/52 [ufetubus (1)]
  1783 | D:4      | Slain by an ufetubus

Illustrated notes

Levels and vault maps discovered:
D:4:      layout_basic, serial_bayou_pond_e, st_stairs_11, uniq_ijyb,
          uniq_blork_the_orc
D:5:      layout_basic, nicolae_dithmenos_shadow_blocks, led_xom_imps,
          lightli_temple_of_fire, uniq_prince_ribbit1

Skill      XL: |  1  2  3 |
---------------+----------+-----
Dodging        | 2 3 |  3.3
Fighting       | 5 |  5.8
Polearms       | |  2.0
Stealth        | |  3.7

Action                   |  1- 3 |  4- 6 || total
-------------------------+-------+-------++-------
Melee: Spear             |    64 |     7 ||    71
  Use: Potion            |     1 |       ||     1
 Stab: Sleeping          |     1 |       ||     1
Armor: Robe              |    10 |     4 ||    14
Dodge: Dodged            |    34 |    13 ||    47

Table legend: (Time is in decaauts)
 A = Elapsed time spent in this place.
 B = Non-inter-level travel time spent in this place.
 C = Inter-level travel time spent in this place.
 D = Time resting spent in this place.
 E = Time spent auto-exploring this place.
 F = Levels seen in this place.
 G = Mean time per level.
                   A        B        C        D        E       F      G
               +--------+--------+--------+--------+--------+-----+--------+
         Total |   1771 |   1771 |      0 |   1320 |     32 |   2 |  885.5 |
       Dungeon |   1771 |   1771 |      0 |   1320 |     32 |   2 |  885.5 |
               +--------+--------+--------+--------+--------+-----+--------+

Top non-repeatable levels by time:
     D:4: 1281 daAuts
     D:5: 490 daAuts
